 Dungeon Crawl Stone Soup version 0.22-a0-482-g76e0a5f51a (webtiles) character file.

15532 helena the Fighter (level 12, -6/113 HPs)
             Began as a Minotaur Berserker on June 2, 2018.
             Was a High Priest of Trog.
             Mangled by an alligator (16 damage)
             ... on level 1 of the Swamp on June 17, 2018.
             The game lasted 04:35:45 (18015 turns).

helena the Fighter (Minotaur Berserker)            Turns: 18015, Time: 04:35:46

Health: -6/113     AC: 15    Str: 22    XL:     12   Next: 2%
Magic:  11/11      EV:  8    Int:  4    God:    Trog [*****.]
Gold:   945        SH:  0    Dex: 15    Spells: 11/11 levels left

rFire    . . .     SeeInvis .   a - +5 great mace
rCold    . . .     Gourm    .   (shield currently unavailable)
rNeg     . . .     Faith    +   G - +0 plate armour
rPois    +         Spirit   .   y - +1 hat
rElec    .         Reflect  .   (no cloak)
rCorr    +         Harm     .   (no gloves)
MR       .....                  (no boots)
Stlth    ..........             k - amulet of faith
HPRegen  0.28/turn              E - ring of resist corrosion
MPRegen  0.12/turn              w - ring of poison resistance

@: berserk cooldown, slowed, very slow
A: retaliatory headbutt, horns 2
a: Berserk, Trog's Hand, Brothers in Arms, Renounce Religion


You were on level 1 of the Swamp.
You worshipped Trog.
Trog was extremely pleased with you.
You were not hungry.

You visited 3 branches of the dungeon, and saw 13 of its levels.

You collected 945 gold pieces.

Inventory:

Hand Weapons
 a - a +5 great mace (weapon)
 b - a +0 shortbow
 f - a +0 falchion of protection
 g - a +3 hand axe of electrocution
 j - a +0 hand axe of venom
 v - a +0 blowgun
 B - a +1 scimitar of flaming
 Q - a +2 long sword of holy wrath
 Y - a +2 short sword of venom
Missiles
 p - 164 arrows
 C - 8 needles of paralysis
 F - 176 bolts
 K - 19 poisoned needles
 W - 7 curare-tipped needles
 X - 6 needles of sleeping
Armour
 y - a +1 hat (worn)
 G - a +0 plate armour (worn)
 I - a +0 shield
 V - a +0 chain mail
Jewellery
 c - a +2 ring of protection
 k - an amulet of faith (around neck)
 q - an uncursed amulet of guardian spirit {unknown}
 r - a cursed -6 ring of strength {unknown}
 w - a ring of poison resistance (right hand)
 E - a ring of resist corrosion (left hand)
 L - an uncursed ring of wizardry {unknown}
 S - a +1 ring of protection
Wands
 H - a wand of flame (71)
Scrolls
 e - 7 scrolls of teleportation
 i - 2 scrolls of remove curse
 z - 2 scrolls of fear {unknown}
 A - a scroll of enchant armour {unknown}
 N - 2 scrolls of acquirement {unknown}
 O - a scroll of vulnerability {unknown}
 P - a scroll of holy word {unknown}
 R - a scroll of magic mapping {unknown}
 T - a scroll of brand weapon {unknown}
 U - 2 scrolls of immolation {unknown}
Potions
 d - 4 potions of flight {unknown}
 h - a potion of brilliance {unknown}
 l - a potion of agility
 o - a potion of magic {unknown}
 s - 2 potions of degeneration {unknown}
 t - a potion of lignification {unknown}
 x - a potion of ambrosia {unknown}
 D - a potion of invisibility {unknown}
 J - 3 potions of curing
 M - 3 potions of haste {unknown}
 Z - a potion of mutation {unknown}
Miscellaneous
 u - a phantom mirror
Comestibles
 m - a ration


   Skills:
 * Level 12.3 Fighting
 + Level 1.0 Long Blades
 + Level 10.0(11.4) Axes
 + Level 8.1(10.2) Maces & Flails
   Level 3.9(7.5) Polearms
   Level 4.3(4.4) Slings
 + Level 7.6 Bows
 + Level 0.4(2.4) Throwing
 + Level 10.7 Armour
 + Level 3.1 Dodging
 + Level 1.0 Stealth
 + Level 4.6 Shields


You had 11 spell levels left.
You didn't know any spells.
Your spell library contained the following spells:

 Spells                   Type           Power        Failure   Level  Hunger
 Cause Fear               Hex            #.........   100%        4    #####..
 Lightning Bolt           Conj/Air       #.........   100%        5    ######.
 Shock                    Conj/Air       #...         100%        1    ##.....
 Swiftness                Chrm/Air       #.......     100%        2    ###....
 Deflect Missiles         Chrm/Air       #.........   100%        6    #######
 Airstrike                Air            #.........   100%        4    #####..
 Silence                  Hex/Air        #.........   100%        5    ######.
 Static Discharge         Conj/Air       #.......     100%        3    ####...
 Discord                  Hex            #.........   100%        8    #######
 Yara's Violent Unravell  Hex/Tmut       #.........   100%        5    ######.


Dungeon Overview and Level Annotations

Branches:
Dungeon (9/15)             Temple (0/1) D:7            Lair (3/6) D:9
  Swamp (1/4) Lair:3
  Snake: Lair:2-4    Spider: Lair:2-4       Orc: D:9-12

Altars:
Elyvilon
Fedhas
Gozag
Okawaru
Sif Muna
Trog
Uskayaw
Wu Jian
The Shining One

Shops:
D:5 %


Innate Abilities, Weirdness & Mutations

You reflexively headbutt those who attack you in melee.
You have a pair of horns on your head.


Message History

You feel yourself slow down.
You enter the shallow water.
Moving in this stuff is going to be slow.
The alligator bites you but does no damage.
The alligator tail-slaps you.
The alligator puts on a burst of speed!
You see here a swamp worm corpse.
You butcher the swamp worm corpse.
The alligator bites you!! The alligator tail-slaps you.
The alligator bites you.
The alligator tail-slaps you but does no damage.
You see here a chunk of flesh.
The alligator bites you but does no damage.
The alligator completely misses you. The alligator bites you!
* * * LOW HITPOINT WARNING * * *
The alligator tail-slaps you but does no damage.
The alligator bites you!
* * * LOW HITPOINT WARNING * * *
The alligator tail-slaps you!
* * * LOW HITPOINT WARNING * * *
You feel better. The alligator bites you!
You die...

.
..≈≈≈.≈≈≈≈.≈♣♣≈.
≈≈ .........≈≈§≈≈
≈≈≈ ≈≈≈≈≈.♣.≈≈..
≈≈≈≈ ♣≈..≈≈≈♣.♣
...≈.♣≈≈≈≈≈≈.≈♣
≈≈≈≈...≈≈≈≈≈≈.♣
...≈.≈........♣♣
♣..≈.≈♣§≈%t≈...♣
...≈≈.)≈≈t@..≈≈♣
♣♣♣♣.≈...♣...≈.♣
♣♣≈♣♣♣......♣♣ ♣♣
♣♣.≈≈≈..♣♣
♣♣[.≈≈..♣♣♣
♣.≈.≈≈...♣♣
♣)≈>....♣.♣
♣♣.≈≈≈≈§≈.♣♣♣♣♣♣♣
♣♣≈≈≈≈≈≈≈≈..♣..♣


You could see 2 alligators.

Vanquished Creatures
  Gastronok (D:8)
  An alligator (Lair:3)
  A two-headed ogre (D:8)
  Sonja (Lair:3)
  2 black mambas
  5 spiny frogs
  5 komodo dragons (Lair:3)
  An efreet (D:8)
  3 blink frogs (Lair:3)
  3 hippogriffs
  5 yaks
  3 steam dragons
  Edmund (D:6)
  4 swamp worms
  4 water moccasins
  The ghost of tmwh the Digger, an amateur GrEE (D:3)
  2 hell hounds
  6 porcupines
  3 orc warriors
  A swamp drake (Swamp:1)
  2 ice beasts
  2 phantoms
  6 ogres
  6 wolves (Lair:2)
  2 centaurs
  5 crocodiles
  A big kobold (D:9)
  Blork the orc (D:6)
  11 bullfrogs
  A scorpion (D:5)
  4 wights (D:7)
  4 electric eels (D:9)
  2 jellies (D:6)
  5 crimson imps
  A bullfrog zombie (D:5)
  2 bullfrog skeletons
  12 orc wizards
  3 hounds
  An iguana (D:6)
  3 worker ants
  A hound skeleton (D:4)
  A worker ant zombie (D:6)
  Robin (D:4)
  8 adders
  2 shadow imps
  2 adder skeletons
  2 worms
  6 leopard geckos
  29 orcs
  A ball python (D:2)
  7 bats
  4 giant cockroaches
  11 goblins
  8 hobgoblins
  19 jackals
  4 quokkas
  5 frilled lizards
  A jackal zombie (D:5)
  10 kobolds
  7 rats
  7 fungi
  2 plants (Lair:3)
265 creatures vanquished.

Vanquished Creatures (others)
  A fungus (Lair:3)
  A plant (Lair:2)
2 creatures vanquished.

Grand Total: 267 creatures vanquished

Notes
Turn   | Place    | Note
-------+----------+-------------------------------------------
     0 | D:1      | helena the Minotaur Berserker began the quest for the Orb.
     0 | D:1      | Reached XP level 1. HP: 19/19 MP: 0/0
   112 | D:1      | Reached XP level 2. HP: 25/27 MP: 1/1
   141 | D:1      | Reached skill level 4 in Fighting
   598 | D:1      | Reached ** piety under Trog
   840 | D:1      | Reached XP level 3. HP: 33/33 MP: 2/2
  1128 | D:2      | Reached XP level 4. HP: 37/41 MP: 3/3
  1695 | D:2      | Reached skill level 5 in Axes
  1775 | D:2      | Found a bloodstained altar of Trog.
  2238 | D:3      | Found an iron altar of Okawaru.
  2570 | D:3      | Noticed tmwh's ghost (amateur GrEE)
  3352 | D:3      | Killed tmwh's ghost
  3352 | D:3      | Reached skill level 5 in Fighting
  3352 | D:3      | Reached skill level 1 in Slings
  3352 | D:3      | Reached skill level 1 in Shields
  3352 | D:3      | Reached XP level 5. HP: 48/48 MP: 4/4
  3624 | D:4      | Noticed an ogre
  3865 | D:4      | Reached *** piety under Trog
  3937 | D:4      | Found an iron altar of Okawaru.
  3937 | D:4      | Found a faded altar of an unknown god.
  3963 | D:4      | Found a deep blue altar of Sif Muna.
  3968 | D:4      | Found a white marble altar of Elyvilon.
  3969 | D:4      | Found a faded altar of an unknown god.
  4016 | D:4      | Noticed a phantom
  4198 | D:4      | Noticed Robin
  4206 | D:4      | Reached XP level 6. HP: 56/56 MP: 5/5
  4213 | D:4      | Killed Robin
  4235 | D:4      | Got a fine helmet
  4387 | D:4      | Found a blossoming altar of Fedhas.
  4468 | D:4      | Reached skill level 1 in Polearms
  5013 | D:5      | Entered Level 5 of the Dungeon
  5059 | D:5      | Reached XP level 7. HP: 20/61 MP: 6/6
  5700 | D:5      | Found an opulent altar of Gozag.
  5760 | D:5      | Reached skill level 6 in Fighting
  6479 | D:5      | Found Ysui's Food Emporium.
  6598 | D:5      | Reached skill level 1 in Long Blades
  6717 | D:5      | Reached XP level 8. HP: 70/70 MP: 7/7
  6737 | D:5      | Reached **** piety under Trog
  6850 | D:5      | Found a hide-covered altar of Uskayaw.
  6948 | D:5      | Found an ornate altar of the Wu Jian Council.
  7113 | D:6      | Noticed Edmund
  7120 | D:6      | Killed Edmund
  7120 | D:6      | Reached skill level 5 in Armour
  7579 | D:6      | Reached skill level 7 in Fighting
  7647 | D:6      | Reached skill level 1 in Bows
  7734 | D:6      | Noticed Blork the orc
  7743 | D:6      | Killed Blork the orc
  7784 | D:6      | Reached XP level 9. HP: 77/79 MP: 8/8
  7835 | D:6      | Found a hide-covered altar of Uskayaw.
  8269 | D:7      | Found a staircase to the Ecumenical Temple.
  8603 | D:7      | Found a glowing golden altar of the Shining One.
  8934 | D:7      | Received a gift from Trog
  9669 | D:8      | Noticed Gastronok
  9669 | D:8      | Noticed an efreet
  9909 | D:8      | Killed Gastronok
  9909 | D:8      | Reached skill level 9 in Fighting
  9909 | D:8      | Reached XP level 10. HP: 59/91 MP: 9/9
 10287 | D:8      | Found a blossoming altar of Fedhas.
 10492 | D:8      | Reached skill level 5 in Bows
 10927 | D:8      | Noticed a two-headed ogre
 10935 | D:8      | Killed a two-headed ogre
 11608 | D:9      | Reached ***** piety under Trog
 11831 | D:9      | Upgraded the game from 0.22-a0-445-g8c8ef71062 to 0.22-a0-447-gee5f7238b3
 11893 | D:9      | Reached skill level 10 in Fighting
 11904 | D:9      | Found a staircase to the Lair.
 12620 | Lair:1   | Entered Level 1 of the Lair of Beasts
 12620 | Lair:1   | Noticed a spiny frog
 12655 | Lair:1   | Killed a spiny frog
 12841 | Lair:1   | Received a gift from Trog
 12997 | Lair:1   | Noticed a spiny frog
 13005 | Lair:1   | Killed a spiny frog
 13041 | Lair:1   | Reached skill level 10 in Axes
 13079 | Lair:1   | Noticed a black mamba
 13103 | Lair:1   | Killed a black mamba
 13103 | Lair:1   | Reached XP level 11. HP: 47/101 MP: 10/10
 13831 | Lair:1   | Reached skill level 1 in Maces & Flails
 13923 | Lair:2   | Reached skill level 11 in Fighting
 14881 | Lair:2   | Received a gift from Trog
 15466 | Lair:3   | Noticed Sonja
 15684 | Lair:3   | Killed Sonja
 15762 | Lair:2   | Reached skill level 5 in Maces & Flails
 16187 | Lair:3   | Reached skill level 10 in Armour
 16442 | Lair:3   | Upgraded the game from 0.22-a0-447-gee5f7238b3 to 0.22-a0-482-g76e0a5f51a
 16597 | Lair:3   | Found a staircase to the Swamp.
 16607 | Swamp:1  | Entered Level 1 of the Swamp
 16607 | Swamp:1  | Noticed an alligator
 16625 | Lair:3   | Killed an alligator
 16625 | Lair:3   | Reached skill level 1 in Stealth
 16770 | Lair:3   | Received a gift from Trog
 16770 | Lair:3   | Reached skill level 12 in Fighting
 17936 | Swamp:1  | Reached XP level 12. HP: 112/112 MP: 11/11
 18005 | Swamp:1  | Noticed an alligator
 18007 | Swamp:1  | Noticed an alligator
 18014 | Swamp:1  | HP: 3/113 [alligator[an alligator] (9)]
 18015 | Swamp:1  | Mangled by an alligator

Vault maps used:
D:1:      lemuel_arrival_behind_the_door_small, serial_corexii_hall,
          corexii_hall_statues_l, corexii_hall_statues_i, due_unseen_surprise
D:2:      old_standard_altar, minmay_pentomino_w4
D:3:      nrook_loot_triangle, okawaru_ov_weapons_minmay
D:4:      chequers_temple_overflow_minitemple, first_ration, fedhas_altar_2,
          uniq_robin
D:5:      nicolae_overflow_crystal_walls, lemuel_coloured_pillars_altar,
          serial_shops, nicolae_shop_window_shopping, basic_altar,
          grunt_tough_drop
D:6:      cheibrodos_steamvent, kennysheep_little_box, uniq_edmund,
          uniq_blork_the_orc
D:7:      minmay_temple_entry_crystal_x, nicolae_tso_swordbearing_angel
D:8:      kennysheep_mini, grunt_ogre_cave, uniq_gastronok
D:9:      minmay_lair_entry_lava
Lair:3:   minmay_swamp_entry_worms, minivault_25, beast_lair_carwin_8,
          uniq_sonja
Swamp:1:  evilmike_swamp_ruin_house_4, swamp_pool2

Skill      XL: |  1  2  3  4  5  6  7  8  9 10 11 |
---------------+----------------------------------+-----
Fighting       | 4 5 6 7 9 10 12 | 12.3
Axes           | 4 5 7 9 10 | 10.0
Slings         | 1 2 4 |  4.3
Armour         | 3 4 6 7 9 10 | 10.7
Dodging        | 3 |  3.1
Shields        | 1 2 3 4 |  4.6
Polearms       | 2 3 |  3.9
Long Blades    | 1 |  1.0
Bows           | 1 4 7 |  7.6
Maces & Flails | 8 |  8.1
Stealth        | 1 |  1.0
Throwing       | |  0.4

Action                   |  1- 3 |  4- 6 |  7- 9 | 10-12 || total
-------------------------+-------+-------+-------+-------++-------
Melee: Hand axe          |    62 |    88 |   159 |   104 ||   413
       Headbutt          |     5 |    29 |    30 |    57 ||   121
       Trident           |       |    66 |    13 |       ||    79
       Falchion          |       |     1 |       |       ||     1
       Scimitar          |       |       |    15 |     5 ||    20
       Great mace        |       |       |       |   211 ||   211
 Fire: Hunting sling     |       |    23 |    15 |       ||    38
       Shortbow          |       |       |    36 |   141 ||   177
Throw: Stone             |    15 |    19 |       |       ||    34
       Throwing net      |       |       |       |     1 ||     1
Invok: Berserk           |       |     4 |     8 |    24 ||    36
       Trog's Hand       |       |     1 |       |     1 ||     2
  Use: Scroll            |       |       |     9 |     4 ||    13
       Potion            |       |       |       |     7 ||     7
  Eat: Chunk             |     1 |     7 |     2 |    10 ||    20
       Ration            |       |     3 |     6 |    11 ||    20
Armor: Animal skin       |     7 |       |       |       ||     7
       Robe              |     1 |       |       |       ||     1
       Ring mail         |     3 |    16 |       |       ||    19
       Plate armour      |       |    60 |    94 |   194 ||   348
Dodge: Dodged            |    39 |    34 |    41 |   138 ||   252
Block: Shield            |       |    42 |    48 |     3 ||    93
       Rpst.: Scimitar   |       |       |     1 |       ||     1

Table legend:
 A = Spawn XP
 B = Non-spawn XP
 C = Spawn XP percentage of total XP
 D = Spawn monster count
 E = Non-spawn monster count
 F = Spawn count percentage of total count
 G = Total turns spent on level
                    A         B        C        D         E        F      G
               +---------+---------+-------+---------+---------+-------+---------
         Total |       0 |   22189 |   0.0 |       0 |     256 |   0.0 | 18015
               +---------+---------+-------+---------+---------+-------+---------
           D:1 |       0 |      53 |   0.0 |       0 |      30 |   0.0 |  1093
           D:2 |       0 |      84 |   0.0 |       0 |      24 |   0.0 |  1467
           D:3 |       0 |     194 |   0.0 |       0 |      13 |   0.0 |   925
           D:4 |       0 |     395 |   0.0 |       0 |      16 |   0.0 |  1904
           D:5 |       0 |     731 |   0.0 |       0 |      34 |   0.0 |  1785
           D:6 |       0 |    1396 |   0.0 |       0 |      19 |   0.0 |   990
           D:7 |       0 |     444 |   0.0 |       0 |      13 |   0.0 |  1576
           D:8 |       0 |    4496 |   0.0 |       0 |      19 |   0.0 |  1904
           D:9 |       0 |    1150 |   0.0 |       0 |      28 |   0.0 |  1000
        Lair:1 |       0 |    3271 |   0.0 |       0 |      18 |   0.0 |  1436
        Lair:2 |       0 |    2862 |   0.0 |       0 |      17 |   0.0 |  1881
        Lair:3 |       0 |    6678 |   0.0 |       0 |      22 |   0.0 |  1957
       Swamp:1 |       0 |     435 |   0.0 |       0 |       3 |   0.0 |    97
               +---------+---------+-------+---------+---------+-------+---------
